 Dungeon Crawl Stone Soup version 0.24.0-13-gcf9b3192b9 (webtiles) character file.

Game seed: 13977613078323036430, levelgen mode: deterministic

29 Esekla the Charmwright (level 3, 0/20 HPs)
             Began as a Deep Elf Skald on Nov 6, 2019.
             Slain by a worm (3 damage)
             ... on level 2 of the Dungeon.
             The game lasted 00:06:26 (571 turns).

Esekla the Charmwright (Deep Elf Skald)              Turns: 571, Time: 00:06:26

Health: 0/20       AC:  3    Str:  8    XL:     3   Next: 1%
Magic:  9/9        EV: 13    Int: 17    God:
Gold:   39         SH:  0    Dex: 15    Spells: 3/8 levels left

rFire    . . .     SeeInvis .   a - +0 falchion
rCold    + . .     Gourm    .   (no shield)
rNeg     . . .     Faith    .   b - +0 leather armour
rPois    .         Spirit   .   (no helmet)
rElec    .         Reflect  .   (no cloak)
rCorr    .         Harm     .   (no gloves)
MR       .....                  (no boots)
Stlth    +.........             (no amulet)
HPRegen  0.06/turn              i - ring of protection from cold
MPRegen  0.11/turn              (no ring)

@: no status effects
A: no striking features
a: no special abilities


You were on level 2 of the Dungeon.
You were not hungry.

You visited 1 branch of the dungeon, and saw 2 of its levels.

You collected 39 gold pieces.

Inventory:

Hand Weapons
 a - a +0 falchion (weapon)
 j - a +2 dagger of speed
Armour
 b - a +0 leather armour (worn)
Jewellery
 i - a ring of protection from cold (left hand)
Wands
 c - a wand of paralysis (9)
Scrolls
 f - a scroll of amnesia {unknown}
 g - a scroll of identify {unknown}
 h - a scroll of teleportation {unknown}
Potions
 e - a potion of flight {unknown}
Comestibles
 d - a ration


   Skills:
 - Level 1.5 Fighting
 * Level 2.7 Long Blades
 + Level 0.9 Armour
 * Level 3.0 Dodging
 - Level 3.0 Spellcasting
 - Level 4.4 Charms
 * Level 0.5 Translocations


You had 3 spell levels left.
You knew the following spells:

 Your Spells              Type           Power        Failure   Level  Hunger
a - Infusion              Chrm           ###.         4%          1    None
b - Shroud of Golubria    Chrm/Tloc      ##....       14%         2    ##.....
c - Song of Slaying       Chrm           ###.....     6%          2    ##.....

Your spell library contained the following spells:

 Spells                   Type           Power        Failure   Level  Hunger
 Regeneration             Chrm/Necr      ##........   30%         3    ###....
 Spectral Weapon          Hex/Chrm       ##......     30%         3    ###....


Dungeon Overview and Level Annotations

Branches:
Dungeon (2/15)

Altars:


Message History

You feel agile.
You see here a giant cockroach corpse.
You hit the worm but do no damage. The worm misses you.
You barely miss the worm. You hit the worm.
The worm is moderately wounded.
The worm bites you.
You hit the worm.
The worm is heavily wounded.
The worm bites you.
You hit the worm.
The worm is severely wounded.
You hit the worm but do no damage.
The worm is severely wounded.
The worm bites you!
* * * LOW HITPOINT WARNING * * *
You barely miss the worm.
The worm is heavily wounded.
The worm bites you.
You die...

#.###.##..##............
#.#.#.>.................
#.#......####...##.....#
#.#.#..... ..........#
#<#.....#####..........#
#.#..%..#..............#
#......##.....#........#
###....w...............#
#....@.....##.........
#.....................
#.........##..........
#######.#.##.........)
#.#....#†.......
#.######....####
#...........#
################
..............


You could see a worm.

Vanquished Creatures
  2 dart slugs
  4 giant cockroaches
  3 goblins
  5 bats
  3 frilled lizards
  3 kobolds
  4 rats (D:1)
24 creatures vanquished.

Notes
Turn   | Place    | Note
-------+----------+-------------------------------------------
     0 | D:1      | Esekla the Deep Elf Skald began the quest for the Orb.
     0 | D:1      | Reached XP level 1. HP: 12/12 MP: 6/6
   205 | D:1      | Reached XP level 2. HP: 12/16 MP: 8/8
   332 | D:1      | Learned a level 2 spell: Shroud of Golubria
   335 | D:1      | Learned a level 2 spell: Song of Slaying
   546 | D:2      | Reached XP level 3. HP: 20/20 MP: 9/9
   571 | D:2      | Slain by a worm

Levels and vault maps discovered:
D:1:      lemuel_arrival_river_passageway, layout_basic, nrook_campfire
D:2:      layout_basic, first_ration, minmay_misc_feat_five

Skill      XL: |  1  2 |
---------------+-------+-----
Long Blades    | 2 |  2.7
Dodging        | 3 |  3.0
Fighting       | |  1.5
Armour         | |  0.9
Spellcasting   | |  3.0
Charms         | |  4.4
Translocations | |  0.5

Action                   || total
-------------------------++-------
Melee: Falchion          ||    83
 Cast: Infusion          ||     3
       Shroud of Golubri ||     3
 Stab: Sleeping          ||     1
Armor: Leather armour    ||    28
Dodge: Dodged            ||    62
       Rpst.: Falchion   ||    21
